 Dungeon Crawl Stone Soup version 0.29.1-2-gbd0b4ee654 (webtiles) character file.

Game seed: 11715637454468699936

1617 RevDB the Trooper (level 8, -1/74 HPs)
             Began as a Red Draconian Conjurer on Sept 16, 2022.
             Was a Follower of Sif Muna.
             Slain by Duvessa
             ... wielding a +0 short sword
              (15 damage)
             ... on level 6 of the Dungeon on Nov 9, 2022.
             The game lasted 00:33:07 (4449 turns).

RevDB the Trooper (Red Draconian Conjurer)          Turns: 4449, Time: 00:33:08

Health: -1/74      AC:  6    Str: 10    XL:     8   Next: 64%
Magic:  11/11      EV: 12    Int: 20    God:    Sif Muna [*.....]
Gold:   356        SH:  0    Dex: 10    Spells: 8/11 levels left

rFire   + + +      SeeInvis +   q - +9 hand axe "Athromuu" {vorpal, rPois rF++ rC+}
rCold   + . .      Faith    +   o - orb {*Rage}
rNeg    . . .      Spirit   .   (body armour unavailable)
rPois   +          Reflect  .   (helmet restricted)
rElec   .          Harm     .   (no cloak)
rCorr   .          Rampage  .   (no gloves)
Will    +....      Rage     20% (no boots)
Stlth   ++........              h - amulet of faith
HPRegen 0.22/turn               b - ring of see invisible
MPRegen 0.12/turn               z - ring of willpower

@: short of breath
A: breathe fire, AC +6, unfitting armour, fire resistance 1, cold-blooded
a: Breathe Fire, Renounce Religion, Channel Magic


You were on level 6 of the Dungeon.
You worshipped Sif Muna.
Sif Muna was aware of your devotion.
You visited 2 branches of the dungeon, and saw 7 of its levels.

You collected 356 gold pieces.

Inventory:

Hand Weapons
 q - the +9 hand axe "Athromuu" (weapon) {vorpal, rPois rF++ rC+}
   (You found it on level 2 of the Dungeon)

   It inflicts extra damage upon your enemies.
   rF:        It greatly protects you from fire.
   rC:        It protects you from cold.
   rPois:     It protects you from poison.
Armour
 o - an orb of wrath (worn)
Magical Staves
 k - a staff of air
 B - a staff of earth
Jewellery
 b - a ring of see invisible (left hand)
 h - an amulet of faith (around neck)
 j - an amulet of reflection
 z - a ring of willpower (right hand)
Wands
 w - a wand of digging (7)
 y - a wand of flame (14)
 A - a wand of paralysis (7)
 F - a wand of polymorph (8)
Scrolls
 c - a scroll of butterflies {unknown}
 e - 2 scrolls of teleportation {unknown}
 f - a scroll of noise {unknown}
 g - 2 scrolls of summoning {unknown}
 m - a scroll of amnesia {unknown}
 n - a scroll of enchant armour {unknown}
 t - 2 scrolls of enchant weapon {unknown}
 u - a scroll of poison {unknown}
 v - a scroll of identify {unknown}
 D - 2 scrolls of immolation {unknown}
Potions
 a - a potion of magic
 d - 3 potions of flight {unknown}
 i - 3 potions of degeneration {unknown}
 l - 2 potions of lignification {unknown}
 p - a potion of brilliance {unknown}
 r - 3 potions of might
 s - a potion of mutation {unknown}
 x - a potion of attraction {unknown}
 C - a potion of heal wounds {unknown}
 E - a potion of cancellation {unknown}
 G - a potion of curing {unknown}


   Skills:
 + Level 7.7 Fighting
 - Level 7.0 Axes
 - Level 1.7 Dodging
 - Level 1.7 Stealth
 - Level 2.0 Spellcasting
 - Level 5.1 Conjurations
 - Level 3.0 Fire Magic


You had 8 spell levels left.
You knew the following spells:

 Your Spells              Type           Power      Damage    Failure   Level
a - Magic Dart            Conj           88%        1d7       1%          1
b - Searing Ray           Conj           44%        2d6       3%          2

Your spell library contained the following spells:

 Spells                   Type           Power      Damage    Failure   Level
 Dazzling Flash           Conj/Hex       24%        N/A       17%         3
 Ozocubu's Armour         Ice            2%         N/A       43%         3
 Fulminant Prism          Conj/Hex       6%         3d7       50%         4
 Iskenderun's Mystic Bla  Conj/Tloc      12%        2d5       50%         4
 Metabolic Englaciation   Hex/Ice        1%         N/A       99%         5
 Simulacrum               Ice/Necr       1%         N/A       100%        6


Dungeon Overview and Level Annotations

Branches:
Dungeon (6/15)             Temple (1/1) D:5

Altars:
Ashenzari
Dithmenos
Elyvilon
Hepliaklqana
Makhleb
Okawaru
Qazlal
Sif Muna
Trog
Vehumet
Wu Jian
Xom
Yredelemnul
Zin
The Shining One

Shops:
D:4 ?

Annotations:
D:6 Duvessa


Innate Abilities, Weirdness & Mutations

You can breathe blasts of fire.
Your fiery red scales are hard. (AC +6)
You cannot fit into any form of body armour.
Your flesh is heat resistant. (rF+)
You are cold-blooded and may be slowed by cold attacks.


Message History

Duvessa rages.
You hit Duvessa.
Your tail-slap misses Duvessa.
Duvessa is lightly wounded.
Duvessa hits you with a +0 short sword.
You slash Duvessa!
Duvessa is moderately wounded.
Duvessa hits you with a +0 short sword. Duvessa hits you with a +0 short sword!
You closely miss Duvessa.
Duvessa is moderately wounded.
A necrophage comes into view.
Duvessa hits you but does no damage.
You hit Duvessa but do no damage.
Duvessa is moderately wounded.
Duvessa hits you with a +0 short sword! Duvessa hits you with a +0 short sword.
You slash Duvessa!
Duvessa is heavily wounded.
Duvessa hits you with a +0 short sword.
You hit Duvessa.
Duvessa is severely wounded.
Duvessa barely misses you. Duvessa hits you with a +0 short sword.
* * * LOW HITPOINT WARNING * * *
Aiming: Breathe Fire (4% risk of failure)
Press: ? - help, Shift-Dir - straight line, f - necrophage
Aim: a necrophage (68% to hit)
You breathe a blast of fire.
The fiery breath hits Duvessa!
Duvessa is severely wounded.
The fiery breath hits the necrophage!
The necrophage is heavily damaged.
The necrophage is engulfed in blazing flames.
Duvessa barely misses you.
You hit Duvessa.
You tail-slap Duvessa, but do no damage.
Duvessa is severely wounded.
Duvessa hits you with a +0 short sword!
* * * LOW HITPOINT WARNING * * *
The necrophage is engulfed in blazing flames.
You destroy the necrophage!
Sif Muna accepts your kill. Duvessa hits you with a +0 short sword!
You die...

#.#
#........#
#.#
#.##.....#
#..
#.##.....#
###
#.########
#.# #.#
#.# #.#
#@# #e#
#ยง. ###.
.# #


You could see Duvessa (berserk).

Vanquished Creatures
  Pikel (D:6)
  Eustachio (D:6)
  A steam dragon (D:4)
  A water moccasin (D:6)
  A black bear (D:5)
  4 lemures (D:6)
  A necrophage (D:6)
  2 scorpions (D:5)
  A gnoll sergeant (D:4)
  Dowan (D:6)
  A howler monkey (D:5)
  A hound (D:4)
  A jelly (D:6)
  Terence (D:2)
  Natasha (thrice) (D:2)
  2 iguanas (D:4)
  An orc wizard (D:5)
  6 adders
  7 gnolls
  3 ufetubi
  A dart slug (D:3)
  17 orcs
  12 ball pythons
  4 endoplasms
  A giant cockroach (D:1)
  9 goblins
  5 hobgoblins
  3 jackals (D:2)
  3 quokkas
  4 bats
  A frilled lizard (D:1)
  3 kobolds
  4 rats
107 creatures vanquished.

Vanquished Creatures (others)
  2 plants (D:2)
2 creatures vanquished.

Grand Total: 109 creatures vanquished

Notes
Turn   | Place    | Note
-------+----------+-------------------------------------------
     0 | D:1      | RevDB the Draconian Conjurer began the quest for the Orb.
     0 | D:1      | Reached XP level 1. HP: 14/14 MP: 3/3
    47 | D:1      | Reached skill level 1 in Fighting
   367 | D:1      | Reached XP level 2. HP: 24/24 MP: 1/5
   705 | D:2      | Learned a level 2 spell: Searing Ray
   902 | D:2      | Reached XP level 3. HP: 19/29 MP: 6/6
   920 | D:2      | HP: 1/29 [ball python (2)]
  1215 | D:2      | Identified the +9 hand axe "Athromuu" {vorpal, rPois rF++
                  | rC+}
  1253 | D:2      | Noticed Terence
  1264 | D:2      | Killed Terence
  1265 | D:2      | Reached skill level 5 in Conjurations
  1578 | D:2      | Found a faded altar of an unknown god.
  1648 | D:2      | Noticed Natasha
  1654 | D:2      | Killed Natasha
  1655 | D:2      | Reached skill level 1 in Axes
  1655 | D:2      | Reached XP level 4. HP: 36/36 MP: 7/7
  1756 | D:2      | Noticed Natasha
  1766 | D:2      | Killed Natasha
  1988 | D:2      | Noticed Natasha
  1995 | D:2      | Killed Natasha
  1996 | D:2      | Reached XP level 5. HP: 37/41 MP: 8/8
  2330 | D:3      | Found a shimmering blue altar of Sif Muna.
  2331 | D:3      | Found a basalt altar of Yredelemnul.
  2331 | D:3      | Found a hazy altar of Hepliaklqana.
  2350 | D:3      | Found a bloodstained altar of Trog.
  2366 | D:3      | Became a worshipper of Sif Muna the Loreminder
  2673 | D:4      | Found Tijoubah's Magic Scroll Shop.
  2772 | D:4      | Upgraded the game from 0.29.1-1-gd02db6906a to
                  | 0.29.1-2-gbd0b4ee654
  2795 | D:4      | Found a stormy altar of Qazlal.
  2795 | D:4      | Found an ornate altar of the Wu Jian Council.
  2815 | D:4      | Reached XP level 6. HP: 40/48 MP: 9/9
  2992 | D:4      | Reached skill level 5 in Axes
  2999 | D:4      | Noticed a steam dragon
  3006 | D:4      | Killed a steam dragon
  3267 | D:5      | Entered Level 5 of the Dungeon
  3274 | D:5      | Reached * piety under Sif Muna
  3285 | D:5      | Found a staircase to the Ecumenical Temple.
  3293 | D:5      | Your scales start taking on a fiery red colour.
  3293 | D:5      | Reached XP level 7. HP: 46/55 MP: 10/10
  3293 | D:5      | Gained mutation: Your flesh is heat resistant. (rF+) [Red
                  | Draconian growth]
  3417 | D:5      | Reached skill level 1 in Fire Magic
  3458 | D:5      | HP: 2/55 [ufetubus (3)]
  3459 | Temple   | Entered the Ecumenical Temple
  4110 | D:6      | Noticed Eustachio
  4116 | D:6      | Killed Eustachio
  4117 | D:6      | Reached XP level 8. HP: 67/67 MP: 11/11
  4139 | D:6      | Reached skill level 5 in Fighting
  4247 | D:6      | Noticed Pikel
  4268 | D:6      | Killed Pikel
  4271 | D:6      | Identified the +0 dagger "String" {elec, rF++ rC+ Int-3
                  | Dex+3}
  4280 | D:6      | Noticed Dowan
  4430 | D:6      | Killed Dowan
  4441 | D:6      | Noticed Duvessa
  4449 | D:6      | Slain by Duvessa

Illustrated notes

Levels and vault maps discovered:
D:1:      minmay_arrival_stone_box, layout_basic
D:2:      layout_rooms, chequers_ecumenical_altar_lobes, minmay_pentomino_r2,
          uniq_terence, uniq_natasha
D:3:      layout_loops_ring, grunt_temple_overflow_cloverleaf
D:4:      layout_basic, nicolae_overflow_two_pavilions, serial_shops,
          nicolae_take_the_stairs
D:5:      layout_basic, minmay_temple_entry_drinking_statues,
          hangedman_decor_lopped
D:6:      layout_loops_ring, portal_sewer_entry_e, uniq_eustachio, uniq_pikel,
          uniq_crazy_yiuf_cottage, uniq_duvessa
Temple:   hellmonk_temple_rainy

Skill      XL: |  1  2  3  4  5  6  7  8 |
---------------+-------------------------+-----
Fighting       | 1 2 4 7 |  7.7
Conjurations   | 5 |  5.1
Axes           | 1 2 4 6 7 |  7.0
Fire Magic     | 3 |  3.0
Dodging        | |  1.7
Stealth        | |  1.7
Spellcasting   | |  2.0

Action                   |  1- 3 |  4- 6 |  7- 9 || total
-------------------------+-------+-------+-------++-------
Melee: Spear             |     9 |       |       ||     9
       Unarmed           |     1 |       |       ||     1
       Mace              |    30 |       |       ||    30
       Tailslap          |     5 |     8 |     5 ||    18
       Punch             |     1 |       |       ||     1
       Hand axe          |    14 |    86 |    74 ||   174
 Cast: Magic Dart        |    31 |     1 |       ||    32
       Searing Ray       |     2 |       |       ||     2
 Abil: Breathe Fire      |       |       |     5 ||     5
 Stab: Sleeping          |     2 |     5 |       ||     7
       Distracted        |       |     1 |       ||     1
Armor: Skin              |    15 |    20 |    17 ||    52
Dodge: Dodged            |    67 |    45 |    69 ||   181
Block: Other             |    13 |       |       ||    13
       Orb               |     4 |    11 |     4 ||    19
       Reflection        |     1 |       |       ||     1
